 Dungeon Crawl Stone Soup version 0.31-a0-236-g9a0961fb85 (webtiles) character file.

Game seed: 17187684133097119729

177 qw the Shooter (level 5, -29/42 HPs)
             Began as a Minotaur Hexslinger on July 10, 2023.
             Annihilated by an ogre
             ... wielding a +0 giant club
              (31 damage)
             ... on level 4 of the Dungeon.
             The game lasted 00:00:52 (2266 turns).

qw the Shooter (Minotaur Hexslinger)                Turns: 2266, Time: 00:00:53

Health: -29/42     AC:  8    Str: 12    XL:     5   Next: 30%
Magic:  5/5        EV: 11    Int: 10    God:
Gold:   48         SH:  0    Dex: 15    Spells: 5/6 levels left

rFire   . . .        Y - +1 sling
rCold   . . .        (no shield)
rNeg    . . .        c - +0 ring mail
rPois   .            (helmet restricted)
rElec   .            l - +0 cloak
rCorr   +            i - +0 pair of gloves
SInv    .            e - +0 pair of boots
Will    .....        f - amulet of faith
Stlth   +            k - ring of resist corrosion
HPRegen 0.27/turn    (no ring)
MPRegen 0.09/turn

%: faith
@: about to teleport
A: horns 2, retaliatory headbutt
a: no special abilities


You were on level 4 of the Dungeon.
You visited 1 branch of the dungeon, and saw 4 of its levels.

You collected 106 gold pieces.
You spent 58 gold pieces at shops.


Innate Abilities, Weirdness & Mutations

You have a pair of horns on your head.
You reflexively headbutt those who attack you in melee.


   Skills:
 + Level 2.5 Fighting
 - Level 5.6 Ranged Weapons
 - Level 1.1 Armour
 - Level 2.1 Dodging
 - Level 1.0 Spellcasting
 - Level 2.0 Hexes


You had 5 spell levels left.
You knew the following spells:

 Your Spells              Type           Power      Damage    Failure   Level
a - Slow                  Hex            16%        N/A       34%         1

Your spell library contained the following spells:

 Spells                   Type           Power      Damage    Failure   Level
 Inner Flame              Hex/Fire       2%         N/A       83%         3
 Portal Projectile        Hex/Tloc       4%         N/A       83%         3
 Cause Fear               Hex            2%         N/A       98%         4

Inventory:

Hand Weapons
 Y - a +1 sling (weapon)
Armour
 c - a +0 ring mail (worn)
 e - a +0 pair of boots (worn)
 i - a +0 pair of gloves (worn)
 l - a +0 cloak (worn)
Jewellery
 f - an amulet of faith (around neck)
 k - a ring of resist corrosion (left hand)
 n - an amulet of reflection
Scrolls
 a - a scroll of identify
 b - a scroll of teleportation
Potions
 d - 2 potions of curing
 g - a potion of ambrosia {unknown}
 h - a potion of mutation
 j - a potion of haste {unknown}
 m - a potion of invisibility {unknown}

Dungeon Overview and Level Annotations

Branches:
Dungeon (4/15)
 Temple: D:4-7

Altars:
Elyvilon
Gozag
The Shining One

Shops:
D:2 (?(?*


Message History

The orc shouts!
Enter note:
Enter note: You shoot a sling bullet.
The sling bullet barely misses the orc.
You shoot a sling bullet. The sling bullet hits the orc!
You kill the orc!
An ogre comes into view. It is wielding a +0 giant club.
Enter note:
Enter note: You shoot a sling bullet.
The sling bullet hits the ogre.
The ogre is lightly wounded.
You shoot a sling bullet. The sling bullet hits the ogre.
The ogre is lightly wounded.
You shoot a sling bullet. The sling bullet hits the ogre.
The ogre is lightly wounded.
You shoot a sling bullet. The sling bullet hits the ogre.
The ogre is moderately wounded.
You shoot a sling bullet. The sling bullet hits the ogre.
The ogre is heavily wounded.
The ogre hits you with a +0 giant club!
You shoot a sling bullet. The sling bullet hits the ogre.
The ogre is heavily wounded.
The ogre hits you with a +0 giant club!
You shoot a sling bullet. The sling bullet hits the ogre.
The ogre is severely wounded.
The ogre closely misses you. You furiously retaliate!
You headbutt the ogre. You shoot a sling bullet.
The sling bullet hits the ogre.
The ogre is severely wounded.
The ogre hits you with a +0 giant club!
2264 ||| READING 2 scrolls of teleportation.
As you read the scroll of teleportation, it crumbles to dust.
You feel strangely unstable.
You shoot a sling bullet.
The sling bullet barely misses the ogre.
The ogre misses you.
You shoot a sling bullet. The sling bullet hits the ogre.
The ogre is almost dead.
The ogre hits you with a +0 giant club!!
Ouch! That really hurt!
You die...

....## #.# #..## #.#
...# #.# ##.#
####.###### ##'##
#.........# #...##
#.##.####.# .....##
#.##.## ...%..##
##.##..#
.......####...##@##
.......'.........O......
.....<.####...##)###.###
......## ##.......
.....## #####.### #...##
#.# ##+# ..# ###


You could see an ogre.

Vanquished Creatures
  An ogre (D:4)
  An adder (D:4)
  8 orcs
  7 endoplasms
  A giant cockroach (D:1)
  6 hobgoblins
  4 jackals (D:2)
  A kobold (D:2)
  2 quokkas (D:2)
  5 ball pythons
  8 bats
  5 frilled lizards
  9 goblins
  5 rats
63 creatures vanquished.

Notes
Turn   | Place    | Note
-------+----------+-------------------------------------------
     0 | D:1      | qw the Minotaur Hexslinger began the quest for the Orb.
     0 | D:1      | Reached XP level 1. HP: 16/16 MP: 1/1
     0 | D:1      | 0 ||| qw: Version: 0.3-a-52-g30416fa
     0 | D:1      | 0 ||| qw: Game counter: 4771
     0 | D:1      | 0 ||| qw: Melee chars always use a shield: true
     0 | D:1      | 0 ||| qw: God list: Okawaru
     0 | D:1      | 0 ||| qw: Allow faded altars: false
     0 | D:1      | 0 ||| qw: Do Orc after clearing Dungeon:15 true
     0 | D:1      | 0 ||| qw: Do second Lair branch before Depths: true
     0 | D:1      | 0 ||| qw: Lair rune preference: random
     0 | D:1      | 0 ||| qw: Goals: Normal
     0 | D:1      | 0 ||| PLANNING D:1-11
   169 | D:1      | Reached skill level 3 in Ranged Weapons
   202 | D:1      | Reached XP level 2. HP: 23/23 MP: 2/2
   766 | D:1      | 766 ||| UPGRADING to +0 pair of boots.
   771 | D:1      | 771 ||| UPGRADING to +0 leather armour.
   781 | D:1      | 781 ||| DROPPING +0 robe.
   782 | D:1      | 782 ||| UPGRADING to +0 pair of gloves.
   787 | D:1      | 787 ||| UPGRADING to ring of resist corrosion.
   788 | D:1      | 788 ||| READING scroll labelled OTAIW FASCHI.
   789 | D:1      | 789 ||| READING scroll labelled NOSIH DUF ASS.
   790 | D:1      | 790 ||| DRINKING 3 yellow potions.
   791 | D:1      | 791 ||| DRINKING 2 lumpy silvery potions.
   839 | D:1      | 839 ||| DROPPING scroll of poison.
   840 | D:1      | 840 ||| DROPPING potion of lignification.
   878 | D:2      | Found Faorhowag's Antique Weapon Shop.
   940 | D:2      | Found Rupeuvvism's General Store.
   943 | D:2      | 943 ||| SHOPLISTING +4 ring of protection (360 gold, have
                  | 53).
   943 | D:2      | 943 ||| SHOPLISTING scroll of enchant armour (75 gold, have
                  | 53).
   943 | D:2      | 943 ||| BUYING scroll of teleportation (30 gold).
   943 | D:2      | Bought a scroll of teleportation for 30 gold pieces
   955 | D:2      | Reached XP level 3. HP: 25/29 MP: 3/3
   994 | D:2      | 994 ||| FLEEEEING.
   995 | D:2      | 995 ||| FLEEEEING.
  1047 | D:2      | Found Coorhova's Weapon Shoppe.
  1047 | D:2      | Found Futitohi's Magic Scroll Emporium.
  1069 | D:2      | 1069 ||| SHOPLISTING 3 scrolls of acquirement (2184 gold,
                  | have 30).
  1069 | D:2      | 1069 ||| SHOPLISTING scroll of enchant weapon (105 gold,
                  | have 30).
  1069 | D:2      | 1069 ||| BUYING scroll of identify (28 gold).
  1069 | D:2      | Bought a scroll of identify for 28 gold pieces
  1181 | D:2      | Reached skill level 4 in Ranged Weapons
  1341 | D:2      | Found Gituh's Magic Scroll Shop.
  1344 | D:2      | 1344 ||| SHOPLISTING scroll of brand weapon (114 gold, have
                  | 18).
  1344 | D:2      | 1344 ||| SHOPLISTING scroll of identify (24 gold, have 18).
  1344 | D:2      | 1344 ||| SHOPLISTING scroll of teleportation (36 gold, have
                  | 18).
  1344 | D:2      | 1344 ||| UPGRADING to +0 ring mail.
  1354 | D:2      | 1354 ||| DROPPING +0 leather armour.
  1355 | D:2      | 1355 ||| UPGRADING to +0 cloak.
  1360 | D:2      | 1360 ||| UPGRADING to amulet of reflection.
  1365 | D:2      | 1365 ||| READING scroll labelled OQEGUP SEIC.
  1366 | D:2      | 1366 ||| READING scroll labelled JOLOICLEOPS.
  1367 | D:2      | 1367 ||| DRINKING 2 bubbling blue potions.
  1368 | D:2      | 1368 ||| READING 2 scrolls of identify.
  1368 | D:2      | 1368 ||| IDENTIFYING sedimented white potion
  1369 | D:2      | 1369 ||| DROPPING potion of magic.
  1421 | D:3      | Reached skill level 1 in Armour
  1576 | D:3      | Identified the +4 scale mail of Perpetual Drought {Stlth+}
  1608 | D:3      | Found a white marble altar of Elyvilon.
  1692 | D:3      | Reached XP level 4. HP: 36/36 MP: 4/4
  1997 | D:3      | 1997 ||| UPGRADING to amulet of faith.
  2007 | D:3      | 2007 ||| DROPPING ring of flight.
  2008 | D:3      | 2008 ||| READING scroll labelled NIXASM TIOFFIDOR.
  2009 | D:3      | 2009 ||| DRINKING 2 glowing dark potions.
  2010 | D:3      | 2010 ||| DROPPING potion of attraction.
  2037 | D:4      | Found a glowing golden altar of the Shining One.
  2056 | D:4      | Noticed an ogre
  2064 | D:4      | Killed an ogre
  2065 | D:4      | Reached skill level 5 in Ranged Weapons
  2065 | D:4      | Reached XP level 5. HP: 30/41 MP: 5/5
  2112 | D:4      | Found an opulent altar of Gozag.
  2255 | D:4      | Noticed an ogre
  2263 | D:4      | HP: 1/42 [ogre/+0 giant club (13)]
  2264 | D:4      | 2264 ||| READING 2 scrolls of teleportation.
  2266 | D:4      | Annihilated by an ogre

Levels and vault maps discovered:
D:1:      minmay_arrival_statue_studded, layout_basic
D:2:      layout_rooms, serial_shops, nicolae_shop_waterfront, shop,
          nicolae_shop_rolled_up, shop, shop, hangedman_feature_mirror
D:3:      layout_basic, mainiacjoe_overflow_alcove_1
D:4:      layout_loops_corners, old_standard_altar, mainiacjoe_overflow_catwalk,
          lemuel_doored_altar

Skill      XL: |  1  2  3  4 |
---------------+-------------+-----
Ranged Weapons | 3 4 5 |  5.6
Fighting       | 2 |  2.5
Armour         | 1 |  1.1
Dodging        | |  2.1
Spellcasting   | |  1.0
Hexes          | |  2.0

Action                     |  1- 3 |  4- 6 || total
---------------------------+-------+-------++-------
   Fire: Sling             |   115 |    44 ||   159
    Use: Scroll            |     5 |     2 ||     7
         Potion            |     3 |     1 ||     4
 Armour: Leather armour    |     6 |       ||     6
         Robe              |     2 |       ||     2
         Ring mail         |     6 |     1 ||     7
  Dodge: Dodged            |    30 |     7 ||    37
  Block: Other             |     3 |       ||     3

Table legend:
 A = Non-vault XP
 B = Vault XP
 C = Vault XP percentage of total XP
 D = Non-vault monster count
 E = Vault monster count
 F = Vault count percentage of total count
                 A         B        C        D         E       F
            +---------+---------+-------+---------+---------+-------
      Total |     243 |      10 |   4.0 |      57 |       6 |   9.5
            +---------+---------+-------+---------+---------+-------
        D:1 |      33 |       0 |   0.0 |      21 |       0 |   0.0
        D:2 |      26 |      10 |  27.8 |      15 |       6 |  28.6
        D:3 |      32 |       0 |   0.0 |      14 |       0 |   0.0
        D:4 |     152 |       0 |   0.0 |       7 |       0 |   0.0
            +---------+---------+-------+---------+---------+-------
